Map: Galactic Process LE

Players

Patience

  • Race: Protoss Protoss

Neeblet (Neeb) - Winner!

  • Race: Protoss Protoss

Event: 2016 WCS Global Finals

VOD

https://youtu.be/zb6Vicq1EHE

Description

Time

  • Played on: Oct. 30, 2016, 12:39 p.m.
  • Length: 15:19

All games in this series

Show
View Real Time Build Order
Export as new Build Order

Patience Protoss 

Build Orders:  

Get SALT Encoding   

  12  0:01  Probe (Chrono Boost)  
  13  0:11  Probe (Chrono Boost)  
  14  0:18  Pylon  
  14  0:22  Probe (Chrono Boost)  
  15  0:36  Probe (Chrono Boost)  
  15  0:37  Gateway  
  16  0:43  Assimilator  
  16  0:47  Probe (Chrono Boost)  
  17  0:57  Probe (Chrono Boost)  
  17  0:58  Assimilator  
  18  1:06  Gateway  
  18  1:08  Probe (Chrono Boost)  
  20  1:18  Probe (Chrono Boost)  
  20  1:25  Cybernetics Core  
  20  1:29  Probe (Chrono Boost)  
  21  1:34  Pylon  
  21  1:39  Probe (Chrono Boost)  
  22  1:50  Probe (Chrono Boost)  
  23  1:55  Warp Gate  
  23  2:02  Stalker, Mothership Core (Chrono Boost)  
  23  2:04  Stalker  
  29  2:16  Pylon  
  29  2:22  Probe (Chrono Boost)  
  30  2:34  Stalker x2  
  34  2:42  Pylon  
  34  2:50  Probe (Chrono Boost)  
  35  3:01  Gateway  
  35  3:10  Stalker x2  
  39  3:36  Nexus  
  39  3:52  Probe (Chrono Boost)  
  40  3:58  Adept x3  
  40  4:02  Probe (Chrono Boost)  
  47  4:11  Pylon  
  47  4:20  Probe (Chrono Boost)  
  42  4:25  Sentry x2  
  42  4:30  Probe (Chrono Boost)  
  47  4:35  Robotics Facility  
  47  4:41  Adept, Probe (Chrono Boost)  
  48  4:51  Probe (Chrono Boost)  
  49  4:57  Probe (Chrono Boost)  
  48  5:02  Probe (Chrono Boost)  
  48  5:06  Pylon  
  49  5:07  Probe (Chrono Boost)  
  49  5:08  Sentry  
  49  5:12  Probe (Chrono Boost)  
  53  5:17  Adept  
  53  5:18  Adept, Probe (Chrono Boost)  
  58  5:21  Observer  
  58  5:24  Probe (Chrono Boost)  
  61  5:28  Probe (Chrono Boost)  
  61  5:33  Twilight Council  
  62  5:36  Probe (Chrono Boost)  
  62  5:39  Probe (Chrono Boost)  
  62  5:42  Immortal  
  63  5:48  Probe (Chrono Boost)  
  63  5:49  Probe (Chrono Boost)  
  69  5:57  Pylon  
  69  6:00  Assimilator, Probe (Chrono Boost), Blink  
  69  6:01  Probe (Chrono Boost)  
  69  6:02  Assimilator  
  71  6:10  Pylon  
  71  6:12  Pylon  
  71  6:13  Gateway  
  71  6:19  Immortal  
  75  6:30  Probe x2 (Chrono Boost)  
  77  6:37  Stalker x2  
  71  6:55  Immortal  
  71  6:58  Gateway  
  71  7:00  Gateway  
  75  7:01  Gateway  
  75  7:06  Robotics Bay  
  75  7:12  Pylon  
  75  7:15  Forge  
  75  7:27  Nexus  
  75  7:32  Stalker  
  75  7:36  Observer  
  78  7:51  Stalker x2  
  82  7:52  Disruptor  
  82  7:56  Protoss Ground Weapons Level 1  
  85  8:01  Pylon  
  85  8:04  Probe x2 (Chrono Boost)  
  87  8:12  Stalker x2  
  89  8:13  Stalker  
  95  8:20  Probe x2 (Chrono Boost)  
  95  8:23  Robotics Facility  
  95  8:32  Probe x2 (Chrono Boost)  
  97  8:34  Pylon  
  97  8:39  Assimilator, Stalker  
  95  8:42  Stalker  
  95  8:44  Observer, Assimilator  
  95  8:48  Observer Gravitic Boosters  
  98  8:50  Probe (Chrono Boost)  
  98  8:52  Probe x2 (Chrono Boost)  
  102  9:02  Probe (Chrono Boost)  
  102  9:07  Disruptor x2  
  102  9:09  Probe (Chrono Boost)  
  104  9:10  Probe (Chrono Boost)  
  110  9:17  Adept  
  110  9:22  Pylon  
  112  9:25  Gateway x2  
  112  9:30  Pylon  
  112  9:32  Pylon  
  112  9:38  Disruptor x2  
  118  9:50  Photon Cannon  
  118  9:51  Photon Cannon  
  118  10:02  Stalker x4  
  122  10:23  Protoss Ground Weapons Level 2  
  122  10:25  Stalker x5  
  122  10:26  Stalker  
  134  10:34  Disruptor  
  134  10:36  Pylon x2  
  134  10:39  Observer  
  137  11:02  Probe x3 (Chrono Boost)  
  137  11:03  Stargate  
  137  11:04  Pylon, Disruptor  
  140  11:09  Disruptor  
  146  11:19  Pylon  
  129  11:43  Nexus, Stalker  
  129  11:44  Stalker x6  
  143  11:47  Oracle  
  146  12:00  Pylon  
  146  12:01  Disruptor x2  
  148  12:03  Probe x2 (Chrono Boost)  
  154  12:27  Stalker x2  
  154  12:28  Stalker x5  
  158  12:39  Immortal x2  
  163  12:54  Probe x3 (Chrono Boost)  
  163  12:56  Photon Cannon  
  163  12:58  Assimilator  
  166  13:00  Assimilator  
  134  13:21  Stalker x6  
  134  13:25  Disruptor x2  
  146  13:33  Probe (Chrono Boost)  
  152  13:34  Probe (Chrono Boost)  
  152  13:35  Probe (Chrono Boost)  
  152  14:02  Stalker x7  
  151  14:03  Stalker  
  139  14:27  Disruptor x2  
  100  14:47  Stalker x6  
  100  14:48  Stalker x2  
  98  15:11  Stalker x2  
  98  15:12  Stalker x4  
Show
View Real Time Build Order
Export as new Build Order

Neeblet Protoss - Winner!

Build Orders:  

Get SALT Encoding   

  12  0:00  Probe (Chrono Boost)  
  13  0:11  Probe (Chrono Boost)  
  14  0:17  Pylon  
  14  0:22  Probe (Chrono Boost)  
  16  0:36  Gateway, Probe (Chrono Boost)  
  16  0:46  Probe (Chrono Boost)  
  16  0:47  Assimilator  
  17  0:52  Assimilator  
  17  0:57  Probe (Chrono Boost)  
  18  1:04  Gateway  
  18  1:07  Probe (Chrono Boost)  
  19  1:18  Probe (Chrono Boost)  
  20  1:24  Cybernetics Core  
  20  1:28  Probe (Chrono Boost)  
  21  1:34  Pylon  
  21  1:39  Probe (Chrono Boost)  
  22  1:45  Warp Gate  
  22  1:49  Probe (Chrono Boost)  
  23  2:00  Adept x2  
  28  2:01  Probe (Chrono Boost)  
  28  2:15  Mothership Core (Chrono Boost)  
  30  2:17  Pylon  
  30  2:35  Stalker x2  
  34  2:57  Nexus  
  34  3:00  Probe (Chrono Boost)  
  35  3:06  Sentry  
  37  3:14  Robotics Facility  
  37  3:25  Probe (Chrono Boost)  
  37  3:26  Pylon  
  36  3:37  Probe (Chrono Boost)  
  37  3:48  Stalker x2  
  39  3:51  Probe (Chrono Boost)  
  42  3:57  Immortal  
  46  4:11  Stalker  
  46  4:15  Adept  
  48  4:21  Probe (Chrono Boost)  
  48  4:22  Probe (Chrono Boost)  
  50  4:36  Stalker, Sentry  
  53  4:40  Immortal  
  53  4:41  Probe (Chrono Boost)  
  58  4:56  Probe (Chrono Boost)  
  58  5:01  Probe (Chrono Boost)  
  58  5:06  Pylon  
  60  5:08  Probe (Chrono Boost)  
  60  5:11  Probe (Chrono Boost)  
  60  5:13  Robotics Bay  
  61  5:17  Assimilator  
  61  5:21  Probe (Chrono Boost)  
  62  5:24  Probe (Chrono Boost)  
  62  5:25  Warp Prism  
  63  5:33  Probe (Chrono Boost)  
  63  5:34  Probe (Chrono Boost)  
  67  5:36  Pylon  
  67  5:45  Probe x2 (Chrono Boost)  
  70  5:57  Probe x2 (Chrono Boost)  
  70  5:58  Pylon  
  70  5:59  Disruptor  
  71  6:05  Gravitic Drive  
  71  6:09  Probe (Chrono Boost)  
  71  6:10  Probe (Chrono Boost)  
  76  6:12  Assimilator  
  76  6:18  Twilight Council  
  76  6:19  Pylon  
  76  6:20  Probe (Chrono Boost)  
  76  6:22  Probe (Chrono Boost)  
  78  6:28  Pylon  
  78  6:30  Disruptor  
  78  6:35  Probe (Chrono Boost)  
  82  6:42  Blink  
  82  6:58  Gateway  
  82  6:59  Gateway  
  82  7:00  Gateway  
  84  7:02  Disruptor  
  84  7:07  Gateway  
  85  7:09  Stalker x2  
  85  7:14  Probe x2 (Chrono Boost)  
  91  7:19  Nexus  
  91  7:22  Pylon  
  91  7:29  Pylon  
  91  7:32  Pylon  
  91  7:33  Sentry  
  93  7:41  Disruptor  
  96  7:56  Stalker x2  
  101  8:00  Probe x2 (Chrono Boost)  
  101  8:02  Forge  
  102  8:07  Pylon  
  102  8:08  Pylon  
  102  8:10  Stalker  
  102  8:12  Probe x2 (Chrono Boost), Disruptor  
  109  8:23  Dark Shrine  
  109  8:24  Probe x2 (Chrono Boost)  
  111  8:31  Stalker x2, Protoss Ground Weapons Level 1  
  115  8:37  Probe x2 (Chrono Boost)  
  115  8:40  Probe (Chrono Boost)  
  117  8:47  Disruptor  
  119  8:49  Probe x2 (Chrono Boost)  
  119  8:50  Probe (Chrono Boost)  
  119  8:51  Assimilator  
  123  8:56  Robotics Facility  
  123  8:57  Assimilator  
  123  9:01  Pylon, Probe (Chrono Boost)  
  125  9:03  Probe x2 (Chrono Boost)  
  126  9:13  Probe (Chrono Boost)  
  126  9:14  Photon Cannon  
  126  9:15  Photon Cannon, Probe (Chrono Boost)  
  128  9:18  Photon Cannon  
  128  9:19  Probe (Chrono Boost)  
  129  9:26  Disruptor  
  132  9:35  Nexus  
  132  9:38  Pylon  
  132  9:46  Stalker x2  
  132  9:47  Stalker  
  138  9:53  Disruptor  
  138  9:58  Dark Templar  
  138  9:59  Dark Templar x2, Disruptor  
  134  10:28  Protoss Ground Weapons Level 2  
  134  10:29  Disruptor  
  134  10:30  Stalker  
  134  10:31  Stalker x5  
  152  10:35  Probe (Chrono Boost)  
  152  10:36  Probe x2 (Chrono Boost)  
  152  10:40  Photon Cannon  
  148  10:48  Probe x2 (Chrono Boost)  
  150  10:55  Charge  
  150  10:58  Gateway  
  150  11:00  Gateway  
  150  11:04  Stalker x2  
  150  11:05  Stalker x2  
  150  11:08  Stalker  
  160  11:14  Assimilator  
  160  11:15  Assimilator  
  160  11:16  Pylon  
  158  11:30  Disruptor  
  155  11:38  Stargate  
  152  11:48  Stalker x4  
  152  11:49  Stalker x2  
  164  11:58  Disruptor  
  163  12:11  Disruptor  
  163  12:17  Zealot x5  
  163  12:18  Zealot  
  163  12:21  Photon Cannon  
  163  12:22  Photon Cannon  
  178  12:23  Oracle  
  173  12:36  Protoss Ground Weapons Level 3  
  165  12:42  Disruptor  
  163  12:45  Stalker x3  
  163  12:46  Stalker x3  
  163  12:50  Stalker x2  
  167  12:58  Oracle  
  167  13:03  Disruptor  
  167  13:04  Nexus  
  158  13:13  Disruptor  
  159  13:31  Zealot x6  
  159  13:32  Zealot  
  173  13:39  Disruptor  
  176  13:45  Probe (Chrono Boost), Disruptor  
  176  13:46  Probe (Chrono Boost)  
  176  13:47  Probe (Chrono Boost)  
  179  13:48  Pylon  
  179  13:51  Assimilator  
  179  13:54  Assimilator  
  177  14:03  Zealot x5  
  177  14:04  Zealot x3  
  185  14:27  Zealot x2  
  185  14:28  Zealot x6  
  192  14:41  Stargate  
  192  14:42  Fleet Beacon, Stargate  
  192  14:43  Stargate  
  167  14:49  Stalker x3  
  167  14:50  Stalker  
Tags
 
Add a new tag
Caveats
  • Supply blocks, unpowered buildings, or Contaminate may cause inaccurate times.
  • Supply counts are checked every 10 seconds.